 Dungeon Crawl Stone Soup version 0.30-a0-901-g7006a02 (webtiles) character file.

Game seed: 9400556505012826602

70656 Illumine the Tortoise (level 14, -16/135 HPs)
             Began as a Minotaur Fighter on Mar 17, 2023.
             Was the Champion of Okawaru.
             Demolished by a tyrant leech (24 damage)
             ... on level 13 of the Dungeon on Mar 18, 2023.
             The game lasted 00:38:36 (20469 turns).

Illumine the Tortoise (Minotaur Fighter)           Turns: 20469, Time: 00:38:40

Health: -16/135    AC: 39    Str: 24    XL:     14   Next: 94%
Magic:  21/21      EV:  9    Int:  9    God:    Okawaru [******]
Gold:   2109       SH:  5    Dex: 17    Spells: 13/13 levels left

rFire   . . .      SeeInvis .    M - +8 battleaxe "Aryzucac" {heavy, Int+4}
rCold   . . .      Faith    .    (shield currently unavailable)
rNeg    . . .      Spirit   .    G - +11 plate armour of the Imbibing Gods {Dex+5}
rPois   .          Reflect  +    s - +2 hat
rElec   .          Rampage  +    b - +2 cloak of Fedhas's Hope {Rampage +Blink +Inv}
rCorr   .                        (no gloves)
Will    +....                    m - +0 pair of boots Stlth
                                 P - amulet of reflection
HPRegen 0.42/turn                y - +4 ring of slaying
MPRegen 0.17/turn                F - +4 ring of protection

@: studying Polearms
A: horns 2, retaliatory headbutt
a: Renounce Religion, Evoke Blink, Evoke Invisibility, Heroism, Finesse, Duel


You were on level 13 of the Dungeon.
You worshipped Okawaru.
Okawaru was exalted by your worship.
You visited 4 branches of the dungeon, and saw 21 of its levels.
You also visited: Sewer.

You collected 2577 gold pieces.
You spent 468 gold pieces at shops.

Inventory:

Hand Weapons
 i - a +3 war axe of electrocution
 E - a +3 demon trident of venom
 M - the +8 battleaxe "Aryzucac" (weapon) {heavy, Int+4}
   (Okawaru gifted it to you on level 11 of the Dungeon)

   Int:       It affects your intelligence (+4).
 N - a +0 glaive of flaming
Missiles
 e - 4 atropa-tipped darts
 u - 6 datura-tipped darts
 w - 12 boomerangs (quivered)
 Q - 15 javelins
 V - 9 boomerangs of dispersal
 W - 2 throwing nets
Armour
 b - the +2 cloak of Fedhas's Hope (worn) {Rampage +Blink +Inv}
   (You acquired it on level 9 of the Dungeon)

   +Inv:      It lets you turn invisible.
   +Blink:    It lets you blink.
   Rampage:   It bestows one free step when moving towards enemies.
 c - the +3 buckler "Lischeg" {Will+}
   (You acquired it on level 9 of the Dungeon)

   Will:      It increases your willpower.
 m - a +0 pair of boots (worn)
 s - a +2 hat (worn)
 G - the +11 plate armour of the Imbibing Gods (worn) {Dex+5}
   (Okawaru gifted it to you on level 4 of the Lair of Beasts)

   Dex:       It affects your dexterity (+5).
 O - a +0 pair of boots of stealth
 T - the +4 kite shield of Yxidgh {rElec Will++}
   (Okawaru gifted it to you on level 12 of the Dungeon)

   rElec:     It insulates you from electricity.
   Will:      It greatly increases your willpower.
Jewellery
 a - a ring of ice
 o - a ring of positive energy
 v - a ring of see invisible
 y - a +4 ring of slaying (left hand)
 F - a +4 ring of protection (right hand)
 J - a ring of ice
 P - an amulet of reflection (around neck)
 R - a ring of protection from cold
Wands
 f - a wand of acid (3)
 I - a wand of roots (19)
 K - a wand of flame (37)
 S - a wand of polymorph (4)
Scrolls
 g - 10 scrolls of vulnerability
 h - 6 scrolls of magic mapping
 k - 6 scrolls of teleportation
 p - 2 scrolls of fear
 t - 3 scrolls of fog
 x - 3 scrolls of poison
 z - 4 scrolls of torment
 A - 2 scrolls of identify
 U - 4 scrolls of immolation
Potions
 d - 2 potions of might
 j - 5 potions of mutation
 l - 10 potions of curing
 n - 3 potions of berserk rage
 q - a potion of heal wounds
 B - a potion of resistance
 C - a potion of invisibility
 D - a potion of lignification
 H - 2 potions of cancellation
 L - a potion of attraction
 X - 2 potions of haste
 Y - 8 potions of ambrosia
 Z - 2 potions of flight
Miscellaneous
 r - a lightning rod (4/4)


   Skills:
 + Level 15.0 Fighting
 + Level 9.5(13.0) Axes
 - Level 14.0(15.1) Polearms
 + Level 9.3 Throwing
 + Level 15.0 Armour
 - Level 4.0 Dodging
 + Level 4.4 Shields
 + Level 11.7 Invocations
 - Level 5.0 Evocations


You had 13 spell levels left.
You didn't know any spells.
Your spell library contained the following spells:

 Spells                   Type           Power      Damage    Failure   Level
 Magic Dart               Conj           0%         1d3       97%         1
 Shock                    Conj/Air       0%         1d3       97%         1
 Slow                     Hex            0%         N/A       97%         1
 Searing Ray              Conj           0%         2d4       99%         2
 Sublimation of Blood     Necr           0%         N/A       99%         2
 Wereblood                Tmut           0%         N/A       99%         2
 Confusing Touch          Hex            0%         N/A       100%        3
 Dazzling Flash           Conj/Hex       0%         N/A       100%        3
 Frozen Ramparts          Ice            0%         1d1       100%        3
 Gell's Gravitas          Tloc           0%         N/A       100%        3
 Inner Flame              Hex/Fire       0%         N/A       100%        3
 Kindle Blastsparks       Fire/Tloc/Air  0%         2d10      100%        3
 Swiftness                Air            0%         N/A       100%        3
 Teleport Other           Tloc           0%         N/A       100%        3
 Vampiric Draining        Necr           0%         2d6       100%        3
 Airstrike                Air            0%         2d(0-16)  100%        4
 Cause Fear               Hex            0%         N/A       100%        4
 Fulminant Prism          Conj/Hex       0%         3d5       100%        4
 Ice Form                 Ice/Tmut       0%         N/A       100%        4
 Iskenderun's Mystic Bla  Conj/Tloc      0%         2d3       100%        4
 Agony                    Necr           0%         N/A       100%        5
 Lee's Rapid Deconstruct  Erth           0%         3d4*      100%        5
 Silence                  Hex/Air        0%         N/A       100%        5
 Dispersal                Tloc           0%         N/A       100%        6
 Eringya's Noxious Bog    Tmut/Pois      0%         N/A       100%        6
 Discord                  Hex            0%         N/A       100%        8
 Summon Ice Beast         Ice/Summ       Unusable   N/A       N/A         4
 Summon Forest            Summ/Tloc      Unusable   N/A       N/A         5
 Summon Hydra             Summ           Unusable   N/A       N/A         7

Dungeon Overview and Level Annotations

Branches:
Dungeon (13/15)            Temple (1/1) D:4            Lair (5/5) D:11
  Swamp (0/4) Lair:2        Snake (0/4) Lair:2        Slime (0/5) Lair:5
    Orc (2/2) D:11            Elf (0/3) Orc:2        Vaults (0/5) D:13
  Sewer (visited)

Altars:
Ashenzari
Cheibriados
Dithmenos
Fedhas
Gozag
Hepliaklqana
Kikubaaqudgha
Makhleb
Nemelex Xobeh
Okawaru
Qazlal
Ru
Sif Muna
Trog
Uskayaw
Vehumet
Wu Jian
Xom
Yredelemnul
Zin
The Shining One
Jiyva

Shops:
D:1 :   D:6 ?   D:7 :   D:11 (   Orc:2 =!?*

Annotations:
D:2 Sigmund
D:7 1 runed translucent door, Crazy Yiuf
Lair:1 1 runed translucent door, AlexanderH's ghost, journeyman DrIE
Lair:4 exclusion: oklob plant
Orc:1 2 runed translucent doors, Xitham's ghost, journeyman OpEE


Innate Abilities, Weirdness & Mutations

You have a pair of horns on your head.
You reflexively headbutt those who attack you in melee.


Message History

You hear a shout!
The two-headed ogre hits you with a +0 giant club.
* * * LOW HITPOINT WARNING * * *
The two-headed ogre hits you but does no damage.
The tyrant leech bites you but does no damage.
The tyrant leech completely misses you.
The two-headed ogre hits you but does no damage. x2
The tyrant leech bites you but does no damage.
A human comes into view.
The tyrant leech bites you but does no damage.
You hear a shout!
The two-headed ogre hits you with a +0 giant club.
The two-headed ogre hits you but does no damage.
A human comes into view.
The tyrant leech bites you.
* * * LOW HITPOINT WARNING * * *
The tyrant leech bites you!!
* * * LOW HITPOINT WARNING * * *
The two-headed ogre hits you but does no damage.
The two-headed ogre hits you with a +0 giant club!
* * * LOW HITPOINT WARNING * * *
The tyrant leech bites you.
* * * LOW HITPOINT WARNING * * *
The tyrant leech bites you!
* * * LOW HITPOINT WARNING * * *
The two-headed ogre hits you with a +0 giant club!
* * * LOW HITPOINT WARNING * * *
The two-headed ogre hits you with a +0 giant club.
* * * LOW HITPOINT WARNING * * *
The human rages.
You turn to flesh and can move again.
Unknown command.
Unknown command.
As you read the scroll of fear, it crumbles to dust.
You assume a fearsome visage.
The human is unaffected.
The human looks frightened!
The two-headed ogre looks frightened!
The human looks frightened!
The moth of wrath easily resists.
The tyrant leech is unaffected.
The basilisk looks frightened!
The tyrant leech bites you!!
You die...

#### ~~~~# ≈~≈~~### ### #~~~~#
#############.. #≈~~
#............:# #≈~
#............# ~ #~~
............†####p~~# ##≈~
#..........O@wlpy~≈## ###~~~
.#..........#####p~~~~###~~~~#
......<∩....# ~~≈~≈~~#.#
......><..).# #~~~~~...#
............# ####......
............# #......
............# #......
............# #......
............# .#######...


You could see a tyrant leech (berserk), a two-headed ogre (fleeing), a moth of
wrath, a basilisk (fleeing) and 3 humans.

Vanquished Creatures
  Saint Roka (Orc:2)
  Gastronok (D:11)
  Snorg (Lair:3)
  Josephine (Lair:3)
  A fire dragon (Lair:5)
  3 hydras
  Fannar (Orc:1)
  A catoblepas (Lair:4)
  2 centaur warriors
  3 two-headed ogres
  2 boulder beetles (D:11)
  9 orc high priests (Orc:2)
  A fire crab (Lair:5)
  A skyshark (Lair:2)
  4 skeletal warriors (D:12)
  A deep elf archer (D:12)
  An orc knight (D:13)
  3 deep elf zephyrmancers (D:12)
  2 manticores
  A cyclops (Orc:1)
  5 black mambas
  7 elephants
  A demonic crawler (D:13)
  2 molten gargoyles (Lair:5)
  7 cane toads
  A gargoyle (D:12)
  An unseen horror (D:11)
  10 rime drakes
  10 komodo dragons
  6 trolls
  2 polar bears
  A queen bee (Lair:2)
  5 hornets
  Prince Ribbit (D:7)
  20 blink frogs
  A jumping spider (shapeshifter) (D:11)
  A shadow (D:12)
  56 yaks
  5 wraiths
  4 basilisks
  2 humans (D:13)
  A hog (shapeshifter) (D:11)
  20 wyverns
  6 vampire mosquitoes (D:12)
  3 steam dragons
  11 wargs
  6 swamp worms
  3 nagas (Lair:2)
  3 acid dragons
  14 water moccasins
  4 hell hounds
  13 orc warriors
  2 black bears
  Pargi (Sewer)
  2 ice beasts
  2 ogres
  9 wolves
  A centaur (D:12)
  3 kobold brigands
  8 bullfrogs
  4 gnoll sergeants
  3 scorpions
  17 wights
  42 killer bees
  3 howler monkeys
  An electric eel (Lair:2)
  5 lava snakes (Lair:5)
  A gnoll bouda (D:9)
  3 hounds
  36 orc priests
  4 jellies
  2 sleepcaps
  An iguana (D:5)
  16 orc wizards
  8 hell rats
  10 adders
  23 gnolls
  2 white imps
  An ufetubus (D:5)
  3 worms
  4 dart slugs
  73 orcs
  3 bats
  8 endoplasms
  5 giant cockroaches
  5 goblins
  3 hobgoblins
  A quokka (D:5)
  8 ball pythons
  12 frilled lizards
  24 kobolds
  10 rats
641 creatures vanquished.

Vanquished Creatures (others)
  6 fungi
  19 plants
  6 withered plants (D:10)
31 creatures vanquished.

Grand Total: 672 creatures vanquished

Notes
Turn   | Place    | Note
-------+----------+-------------------------------------------
     0 | D:1      | Illumine the Minotaur Fighter began the quest for the Orb.
     0 | D:1      | Reached XP level 1. HP: 19/19 MP: 0/0
   115 | D:1      | Reached XP level 2. HP: 27/27 MP: 1/1
   126 | D:1      | Found Moroq's Book Shop.
  1055 | D:2      | Reached XP level 3. HP: 33/33 MP: 2/2
  1102 | D:2      | Noticed Sigmund
  1414 | D:3      | Reached XP level 4. HP: 40/40 MP: 3/3
  1535 | D:3      | Found a stormy altar of Qazlal.
  2157 | D:4      | Reached XP level 5. HP: 45/47 MP: 4/4
  2243 | D:4      | Found a staircase to the Ecumenical Temple.
  2249 | Temple   | Entered the Ecumenical Temple
  2299 | Temple   | Became a worshipper of Warmaster Okawaru
  2582 | D:5      | Entered Level 5 of the Dungeon
  2611 | D:5      | Noticed a black bear
  2626 | D:5      | Killed a black bear
  2627 | D:5      | Reached skill level 5 in Fighting
  2627 | D:5      | Reached skill level 5 in Polearms
  2627 | D:5      | Reached skill level 5 in Armour
  2744 | D:5      | Reached XP level 6. HP: 56/56 MP: 5/5
  2968 | D:5      | Found a glowing drain.
  2972 | Sewer    | Entered a sewer
  3130 | Sewer    | Noticed Pargi
  3135 | Sewer    | Killed Pargi
  3135 | Sewer    | Reached * piety under Okawaru
  3136 | Sewer    | Reached XP level 7. HP: 57/62 MP: 6/6
  3425 | D:6      | Found Aschuash's Magic Scroll Shoppe.
  3437 | D:5      | Reached skill level 1 in Invocations
  3723 | D:6      | Reached ** piety under Okawaru
  3752 | D:6      | Bought a scroll of identify for 22 gold pieces
  3800 | D:6      | Reached XP level 8. HP: 58/71 MP: 8/8
  4915 | D:7      | Found a burning altar of Makhleb.
  4928 | D:7      | Reached *** piety under Okawaru
  4978 | D:7      | Noticed Prince Ribbit
  4991 | D:7      | Killed Prince Ribbit
  4992 | D:7      | Reached XP level 9. HP: 73/81 MP: 11/11
  5056 | D:7      | Found a runed translucent door.
  5057 | D:7      | Noticed Crazy Yiuf
  5199 | D:7      | Found Soadac's Book Shoppe.
  5364 | D:7      | Reached **** piety under Okawaru
  5397 | D:7      | Reached skill level 5 in Invocations
  6116 | D:8      | Found a sparkling altar of Nemelex Xobeh.
  6214 | D:8      | Paralysed by a hornet for 3 turns
  6219 | D:8      | Paralysed by a hornet for 1 turns
  6426 | D:8      | Found a bloodstained altar of Trog.
  6426 | D:8      | Found a sacrificial altar of Ru.
  6908 | D:9      | Reached XP level 10. HP: 91/91 MP: 13/13
  6917 | D:9      | Reached ***** piety under Okawaru
  7051 | D:9      | Reached skill level 10 in Polearms
  7298 | D:9      | Identified 3 scrolls of acquirement
  7298 | D:9      | Acquired the +2 cloak of Fedhas's Hope {Rampage +Blink
                  | +Inv}
  7301 | D:9      | Acquired the +3 buckler "Lischeg" {Will+}
  7302 | D:9      | Acquired a manual of Polearms
  7401 | D:9      | Identified the +4 scale mail of Dogma {rElec rPois rC+
                  | Str-3}
  7507 | D:9      | Reached skill level 10 in Fighting
  7507 | D:9      | Reached skill level 10 in Armour
  7568 | D:9      | Found a snail-covered altar of Cheibriados.
  8051 | D:10     | Entered Level 10 of the Dungeon
  8315 | D:10     | Noticed a two-headed ogre
  8328 | D:10     | Killed a two-headed ogre
  8328 | D:10     | Identified the +1 robe of Insatiable Hunger {Will+ Str+3
                  | Stlth+} (Okawaru gifted it to you on level 10 of the
                  | Dungeon)
  8328 | D:10     | Received a gift from Okawaru
  8552 | D:10     | Found an ancient bone altar of Kikubaaqudgha.
  8720 | D:10     | Reached skill level 1 in Throwing
  8753 | D:10     | HP: 2/94 [acid dragon/splash of acid (18)]
  9359 | D:10     | Reached XP level 11. HP: 101/101 MP: 15/15
  9414 | D:10     | Found a shadowy altar of Dithmenos.
  9832 | D:11     | Noticed a centaur warrior
  9838 | D:11     | Killed a centaur warrior
  9839 | D:11     | Reached skill level 1 in Axes
 10156 | D:11     | Noticed Gastronok
 10171 | D:11     | Killed Gastronok
 10237 | D:11     | Found Laroem's Firing Range.
 10388 | D:11     | Found a staircase to the Orcish Mines.
 10426 | D:11     | Noticed a boulder beetle
 10444 | D:11     | Killed a boulder beetle
 10444 | D:11     | Reached ****** piety under Okawaru
 10444 | D:11     | Identified the +8 battleaxe "Aryzucac" {heavy, Int+4}
                  | (Okawaru gifted it to you on level 11 of the Dungeon)
 10444 | D:11     | Received a gift from Okawaru
 10535 | D:11     | Noticed a boulder beetle
 10544 | D:11     | Killed a boulder beetle
 10600 | D:11     | Found a staircase to the Lair.
 10882 | Lair:1   | Entered Level 1 of the Lair of Beasts
 10893 | Lair:1   | Reached skill level 5 in Axes
 10893 | Lair:1   | Received a gift from Okawaru
 10894 | Lair:1   | Reached XP level 12. HP: 21/112 MP: 17/17
 11154 | Lair:1   | Found a runed translucent door.
 11222 | Lair:1   | Reached skill level 5 in Throwing
 11638 | Lair:1   | Received a gift from Okawaru
 11711 | Lair:1   | Identified the +3 spear of Upomotec {pain, rPois Will-
                  | rCorr Int+2}
 11711 | Lair:1   | Noticed AlexanderH's ghost (journeyman DrIE)
 12072 | Lair:2   | Identified the +1 robe of Gallantry {rElec rPois rCorr
                  | Str-5}
 12110 | Lair:2   | Received a gift from Okawaru
 12117 | Lair:2   | Reached skill level 1 in Evocations
 12464 | Lair:2   | Received a gift from Okawaru
 12614 | Lair:2   | Found a staircase to the Swamp.
 12855 | Lair:2   | Found a staircase to the Snake Pit.
 12991 | Lair:3   | Noticed Snorg
 12996 | Lair:3   | Killed Snorg
 13271 | Lair:3   | Noticed Josephine
 13278 | Lair:3   | Killed Josephine
 13355 | Lair:3   | Received a gift from Okawaru
 13622 | Lair:3   | Reached XP level 13. HP: 122/122 MP: 19/19
 13636 | Lair:3   | Upgraded the game from 0.30-a0-893-g20749f2 to
                  | 0.30-a0-899-gbe4bc1c
 13859 | Lair:3   | Reached skill level 10 in Invocations
 14630 | Lair:4   | Identified the +11 plate armour of the Imbibing Gods
                  | {Dex+5} (Okawaru gifted it to you on level 4 of the Lair of
                  | Beasts)
 14630 | Lair:4   | Received a gift from Okawaru
 14810 | Lair:4   | You fall into a shaft and drop 1 floor!
 14810 | Lair:5   | Entered Level 5 of the Lair of Beasts
 14824 | Lair:5   | Reached skill level 1 in Dodging
 14850 | Lair:5   | Found a runed translucent door.
 14852 | Lair:5   | Found a viscous altar of Jiyva.
 15587 | Lair:5   | Reached skill level 5 in Evocations
 15851 | Lair:5   | Found a staircase to the Slime Pits.
 15874 | Lair:5   | Received a gift from Okawaru
 16008 | Lair:5   | Received a gift from Okawaru
 16099 | Lair:5   | Reached XP level 14. HP: 130/130 MP: 21/21
 16419 | Lair:5   | Found a large runed translucent door.
 16419 | Lair:5   | Found a large runed translucent door.
 16984 | Orc:1    | Entered Level 1 of the Orcish Mines
 16984 | Orc:1    | Noticed Fannar
 16987 | Orc:1    | Killed Fannar
 17207 | Orc:1    | Found a large runed translucent door.
 17208 | Orc:1    | Found a large runed translucent door.
 17310 | Orc:1    | Noticed Xitham's ghost (journeyman OpEE)
 17515 | Orc:2    | Entered Level 2 of the Orcish Mines
 17595 | Orc:2    | Found a staircase to the Elven Halls.
 17659 | Orc:2    | Received a gift from Okawaru
 18047 | Orc:2    | Found Hosobap's Jewellery Shoppe.
 18047 | Orc:2    | Found Adghaenae's Distillery.
 18065 | Orc:2    | Bought an amulet of reflection for 390 gold pieces
 18155 | Orc:2    | Found Huq Ymi's Magic Scroll Shoppe.
 18155 | Orc:2    | Found Neseapn's General Store.
 18168 | Orc:2    | HP: 3/133 [orc priest/divine providence (13)]
 18188 | Orc:2    | Bought 2 scrolls of identify for 56 gold pieces
 18433 | Orc:2    | Noticed Saint Roka
 18847 | Orc:2    | Killed Saint Roka
 19329 | Orc:2    | Upgraded the game from 0.30-a0-899-gbe4bc1c to
                  | 0.30-a0-901-g7006a02
 19664 | D:12     | Identified the +4 kite shield of Yxidgh {rElec Will++}
                  | (Okawaru gifted it to you on level 12 of the Dungeon)
 19664 | D:12     | Received a gift from Okawaru
 20375 | D:13     | Found a gate to the Vaults.
 20422 | D:13     | Reached skill level 15 in Armour
 20459 | D:13     | Reached skill level 15 in Fighting
 20469 | D:13     | Demolished by a tyrant leech

Illustrated notes

Levels and vault maps discovered:
D:1:      scummos_arrival_forest, layout_basic, serial_shops, shop,
          serial_bayou_ford_a
D:2:      layout_basic, uniq_sigmund
D:3:      layout_loops_ring, lemuel_crystal_altar
D:4:      layout_basic, minmay_temple_entry_hall
D:5:      layout_rooms, gup_sewer_entry_spiral
D:6:      layout_basic, amcnicky_mini_pool_small, nicolae_stop_n_shop_1,
          dk_noncrumbling_3, kennysheep_donut, grunt_ministairs_8,
          nicolae_nh_ransacked_shop
D:7:      layout_basic, mainiacjoe_overflow_six_doors_small, serial_shops,
          shop_statue, minivault_4, uniq_crazy_yiuf_cottage, uniq_prince_ribbit1
D:8:      layout_cave_pools, nemelex_spade_bored_becter,
          amethyst_overflow_temple_binary
D:9:      layout_loops_ring, kennysheep_slug_shrine, minivault_11,
          hangedman_decor_opposing, grunt_decor_resistance
D:10:     layout_long_grid, kiku_gazebo_garden_becter,
          nicolae_overflow_hidden_temple, minmay_misc_feat_plants,
          minmay_between
D:11:     layout_loops_ring, erik_lair_dragon, orc_0_dummy,
          nicolae_shop_firing_range, uniq_gastronok
D:12:     layout_loops_cross, chequers_serial_rivers_micro_e,
          hangedman_decor_peaks_small
D:13:     layout_basic, david_vaults_3, worms_lemuel
Temple:   nicolae_temple_ecumenical_triangle
Lair:1:   layout_small_grid, ebering_ghost_funeral_grove
Lair:2:   layout_roguey [special_room_bee], nicolae_swamp_entry_splash_gauntlet,
          nicolae_snake_entry_squirm
Lair:3:   layout_cave_pods, special_room [special_room_mythical_zoo],
          uniq_josephine, uniq_snorg
Lair:4:   onia_ninara_swampy_vault, layout_hall_layers
Lair:5:   cheibrodos_lair_end_hotspot, layout_long_grid, slime_entry_2
Orc:1:    layout_caves, basic_altar, ebering_ghost_disaster_area, uniq_fannar
Orc:2:    st_orc_town, layout_diamond_mine, basic_altar, uniq_saint_roka

Skill      XL: |  1  2  3  4  5  6  7  8  9 10 11 12 13 14 |
---------------+-------------------------------------------+-----
Polearms       | 3 4 5 6 7 8 9 12 14 | 14.0
Armour         | 4 5 6 8 9 10 12 13 15 | 15.0
Shields        | 4 |  4.4
Fighting       | 4 5 6 8 9 10 12 13 15 | 15.0
Invocations    | 2 4 6 7 8 9 10 11 | 11.7
Throwing       | 1 4 6 7 9 |  9.3
Axes           | 5 6 7 9 |  9.5
Evocations     | 3 5 |  5.0
Dodging        | 3 4 |  4.0

Action                     |  1- 3 |  4- 6 |  7- 9 | 10-12 | 13-15 || total
---------------------------+-------+-------+-------+-------+-------++-------
  Melee: Trident           |    84 |    83 |       |    76 |       ||   243
         Headbutt          |     6 |    15 |    32 |    99 |    70 ||   222
         Hand axe          |       |    47 |   179 |   229 |       ||   455
         Battleaxe         |       |       |       |   103 |   279 ||   382
         Glaive            |       |       |       |     7 |   205 ||   212
  Throw: Dart              |       |       |       |     6 |       ||     6
         Boomerang         |       |       |       |       |     9 ||     9
 Invoke: Heroism           |       |       |       |     4 |     3 ||     7
         Finesse           |       |       |       |       |     1 ||     1
  Evoke: Wand              |       |       |       |     1 |     3 ||     4
         Lightning rod     |       |       |       |       |     4 ||     4
    Use: Scroll            |       |     2 |     7 |    16 |    14 ||    39
         Potion            |       |     1 |     1 |     4 |     4 ||    10
   Stab: Invisible         |       |       |       |       |     3 ||     3
 Armour: Scale mail        |    21 |       |       |       |       ||    21
         Ring mail         |     9 |    55 |    72 |   106 |       ||   242
         Acid dragon scale |       |       |       |   152 |    72 ||   224
         Plate armour      |       |       |       |       |   443 ||   443
  Dodge: Dodged            |    22 |    43 |   118 |   306 |   293 ||   782
  Block: Buckler           |    12 |    21 |    33 |   112 |       ||   178
         Other             |       |       |       |       |    54 ||    54
         Reflection        |       |       |       |       |     7 ||     7

Table legend: (Time is in decaauts)
 A = Elapsed time spent in this place.
 B = Non-inter-level travel time spent in this place.
 C = Inter-level travel time spent in this place.
 D = Time resting spent in this place.
 E = Time spent auto-exploring this place.
 F = Levels seen in this place.
 G = Mean time per level.
                   A        B        C        D        E       F      G
               +--------+--------+--------+--------+--------+-----+--------+
         Total |  20878 |  19586 |   1292 |   3337 |  12320 |  22 |  949.0 |
       Dungeon |  11823 |  11077 |    746 |   1765 |   7264 |  13 |  909.5 |
        Temple |     59 |     51 |      8 |      0 |      0 |   1 |   59.0 |
          Lair |   6177 |   5783 |    394 |    840 |   3695 |   5 | 1235.4 |
  Orcish Mines |   2490 |   2347 |    143 |    657 |   1204 |   2 | 1245.0 |
         Sewer |    326 |    326 |      0 |     75 |    156 |   1 |  326.0 |
               +--------+--------+--------+--------+--------+-----+--------+

Top non-repeatable levels by time:
  Lair:5: 1853 daAuts
   Orc:2: 1811 daAuts
    D:10: 1514 daAuts
  Lair:3: 1343 daAuts
     D:9: 1318 daAuts
  Lair:2: 1274 daAuts
     D:6: 1262 daAuts
    D:11: 1218 daAuts
     D:8: 1076 daAuts
  Lair:1: 1045 daAuts
     D:1: 958 daAuts
     D:7: 944 daAuts
     D:5: 893 daAuts
    D:12: 804 daAuts
   Orc:1: 678 daAuts
